 Dungeon Crawl Stone Soup version 0.29.0-11-gd7f09526c8 (webtiles) character file.

Game seed: 14853032236283697254

78 Lochraine the Shooter (level 4, -3/40 HPs)
             Began as a Minotaur Hunter on Sept 4, 2022.
             Slain by a gnoll
             ... wielding a +0 halberd
              (10 damage)
             ... on level 3 of the Dungeon.
             The game lasted 00:02:38 (1623 turns).

Lochraine the Shooter (Minotaur Hunter)             Turns: 1623, Time: 00:02:39

Health: -3/40      AC:  6    Str: 15    XL:     4   Next: 15%
Magic:  3/3        EV: 11    Int:  6    God:
Gold:   105        SH:  0    Dex: 16    Spells: 3/3 levels left

rFire   . . .      SeeInvis .   a - +0 shortbow
rCold   . . .      Faith    .   (shield currently unavailable)
rNeg    . . .      Spirit   .   g - +0 ring mail
rPois   .          Reflect  .   (helmet restricted)
rElec   .          Harm     .   (no cloak)
rCorr   .          Rampage  .   l - +0 pair of gloves
Will    .....                   (no boots)
Stlth   +.........              (no amulet)
HPRegen 0.13/turn               (no ring)
MPRegen 0.08/turn               (no ring)

@: hasted, very quick
A: horns 2, retaliatory headbutt
a: no special abilities


You were on level 3 of the Dungeon.
You visited 1 branch of the dungeon, and saw 3 of its levels.

You collected 105 gold pieces.

Inventory:

Hand Weapons
 a - a +0 shortbow (weapon)
Armour
 c - a +0 leather armour
 g - a +0 ring mail (worn)
   (You found it on level 1 of the Dungeon)
 h - a +0 leather armour
   (You found it on level 2 of the Dungeon)
 i - a +0 ring mail
   (You took it off a hobgoblin on level 2 of the Dungeon)
 k - a +0 robe
   (You found it on level 2 of the Dungeon)
 l - a +0 pair of gloves (worn)
   (You found it on level 2 of the Dungeon)
 s - a +0 ring mail
   (You found it on level 3 of the Dungeon)
Scrolls
 b - 2 scrolls of immolation {!r}
 e - 3 scrolls of teleportation {unknown}
 f - a scroll of identify {unknown}
 j - 2 scrolls of fog {unknown}
 p - a scroll of vulnerability {unknown}
 q - 2 scrolls of torment {unknown}
 r - 2 scrolls of amnesia {unknown}
Potions
 m - a potion of resistance {unknown}
 o - a potion of curing {unknown}


   Skills:
 + Level 4.1 Fighting
 + Level 5.4 Ranged Weapons
 - Level 2.1 Dodging
 - Level 0.7 Stealth


You had 3 spell levels left.
You didn't know any spells.
Your spell library was empty.

Dungeon Overview and Level Annotations

Branches:
Dungeon (3/15) Zot: 16345

Altars:
Fedhas
Kikubaaqudgha


Innate Abilities, Weirdness & Mutations

You have a pair of horns on your head.
You reflexively headbutt those who attack you in melee.


Message History

r - 2 scrolls labelled ZUNAEPUDGHOI (gained 1) 2 gnolls come into view.
The gnoll shouts! x2
You shoot an arrow.
The arrow hits the gnoll but does no damage.
A gnoll comes into view. It is wielding a +0 halberd.
Fire: a) +0 shortbow
Aim: a gnoll, wielding a +0 club (65% to hit)
You shoot an arrow. The arrow barely misses the gnoll.
The arrow hits the gnoll!
The gnoll closely misses you. You furiously retaliate!
You headbutt the gnoll!
Fire: a) +0 shortbow
Aim: a gnoll, wielding a +0 club (heavily wounded, 65% to hit)
You shoot an arrow. The arrow hits the gnoll.
The gnoll attacks as you move away! The gnoll hits you with a +0 club.
The gnoll attacks as you move away! The gnoll hits you with a +0 club.
You shoot an arrow. The arrow closely misses the gnoll.
The gnoll hits you with a +0 club.
You shoot an arrow. The arrow hits the gnoll!
You kill the gnoll!
The gnoll barely misses you. The gnoll hits you with a +0 club.
Your Fighting skill increases to level 4!
You have reached level 4!
You feel agile.
You shoot an arrow. The arrow barely misses the gnoll.
The gnoll barely misses you. The gnoll closely misses you.
You shoot an arrow. The arrow hits the gnoll.
The gnoll closely misses you. The gnoll hits you with a +0 club.
You shoot an arrow. The arrow hits the gnoll!
You kill the gnoll!
The gnoll hits you from afar with a +0 halberd!
* * * LOW HITPOINT WARNING * * *
The gnoll completely misses you.
You shoot an arrow. The arrow hits the gnoll.
The gnoll hits you from afar with a +0 halberd!
* * * LOW HITPOINT WARNING * * *
Okay, then.
Okay, then.
The gnoll hits you but does no damage.
It was a potion of magic.
Magic courses through your body. The gnoll barely misses you.
Okay, then.
It was a potion of haste.
You feel yourself speed up. The gnoll hits you with a +0 halberd.
* * * LOW HITPOINT WARNING * * *
Fire: a) +0 shortbow
Aim: a gnoll, wielding a +0 halberd (lightly wounded, 68% to hit)
You shoot an arrow. The arrow hits the gnoll.
The gnoll hits you with a +0 halberd!
You die...

.. ## .. .# #. .# #.g .
#..##. #. ..# #
#.##.#.#### #.g#).....#
#.@##.#...# #.....
###.##.#...# ......
#..........##.#....
#..................
#...............#..
#.................#.
####............)....#.
#.................#..#.
#..######...##.#####.#.


You could see a gnoll.

Vanquished Creatures
  2 gnolls (D:3)
  An adder (D:3)
  2 worms (D:3)
  A dart slug (D:3)
  An orc (D:3)
  3 ball pythons
  6 endoplasms
  A giant cockroach (D:2)
  7 goblins
  3 hobgoblins
  4 jackals (D:1)
  2 quokkas
  2 bats
  A frilled lizard (D:2)
  2 kobolds (D:1)
  A rat (D:3)
39 creatures vanquished.

Vanquished Creatures (others)
  A withered plant (D:3)
1 creature vanquished.

Grand Total: 40 creatures vanquished

Notes
Turn   | Place    | Note
-------+----------+-------------------------------------------
     0 | D:1      | Lochraine the Minotaur Hunter began the quest for the Orb.
     0 | D:1      | Reached XP level 1. HP: 18/18 MP: 0/0
   113 | D:1      | Reached XP level 2. HP: 25/25 MP: 1/1
   436 | D:1      | Found a faded altar of an unknown god.
  1036 | D:2      | Reached skill level 5 in Ranged Weapons
  1038 | D:2      | Reached XP level 3. HP: 31/31 MP: 2/2
  1194 | D:2      | Found a blossoming altar of Fedhas.
  1585 | D:3      | Found an ancient bone altar of Kikubaaqudgha.
  1585 | D:3      | Found a blossoming altar of Fedhas.
  1615 | D:3      | Reached XP level 4. HP: 34/40 MP: 3/3
  1623 | D:3      | Slain by a gnoll

Illustrated notes

Levels and vault maps discovered:
D:1:      lemuel_arrival_behind_the_door_small, layout_basic,
          ebering_ecumenical_altar_mist
D:2:      layout_loops_ring, basic_altar
D:3:      layout_rooms, grunt_temple_overflow_growth_and_decay, tgw_xom,
          gammafunk_temple_overflow_statue

Skill      XL: |  1  2  3 |
---------------+----------+-----
Fighting       | 3 4 |  4.1
Ranged Weapons | 5 |  5.4
Dodging        | |  2.1
Stealth        | |  0.7

Action                   |  1- 3 |  4- 6 || total
-------------------------+-------+-------++-------
 Fire: Shortbow          |    99 |     5 ||   104
  Use: Potion            |       |     2 ||     2
Armor: Leather armour    |     8 |       ||     8
       Ring mail         |     7 |     1 ||     8
Dodge: Dodged            |    28 |     5 ||    33
